 Dungeon Crawl Stone Soup version 0.31-a0-115-g4708a659fe (webtiles) character file.

Game seed: 9862899844874899760

24777 Chodeload the Destroyer (level 12, -2/68 HPs)
             Began as a Deep Elf Wanderer on May 29, 2023.
             Was a Believer of Vehumet.
             Engulfed by a cloud of freezing vapour (34 damage)
             ... on level 2 of the Lair of Beasts on May 30, 2023.
             The game lasted 01:18:11 (14690 turns).

Chodeload the Destroyer (Deep Elf Wanderer)        Turns: 14690, Time: 01:18:12

Health: -2/68      AC:  8    Str:  6    XL:     12   Next: 83%
Magic:  20/30      EV: 34    Int: 28    God:    Vehumet [**....]
Gold:   147        SH:  0    Dex: 18    Spells: 8/35 levels left

rFire   + + .        f - +1 spear of Poverty {heavy, rF++}
rCold   . . .        (no shield)
rNeg    . . .        L - +1 robe of Vines {NoPotionHeal Regen++++}
rPois   .            Z - +1 helmet
rElec   .            (no cloak)
rCorr   .            R - +2 pair of gloves {hurl}
SInv    +            M - -1 pair of boots of Kleptomania {Will+ SInv}
Will    ++...        Y - amulet of the acrobat
Stlth   +++          N - +6 ring of intelligence
HPRegen 3.51/turn    h - +5 ring of evasion
MPRegen 0.22/turn

%: acrobat
@: acrobatic, slowed, very slow
A: no striking features
a: Renounce Religion


You were on level 2 of the Lair of Beasts.
You worshipped Vehumet.
Vehumet was pleased with you.
You visited 4 branches of the dungeon, and saw 15 of its levels.
You also visited: Sewer and Bailey.

You collected 807 gold pieces.
You spent 660 gold pieces at shops.

Inventory:

Hand Weapons
 a - the +7 short sword of Governance {speed, Dex+3}
   (You found it on level 7 of the Dungeon)

   Dex:       It affects your dexterity (+3).
 b - a +1 dagger of venom
 c - a +1 dagger of electrocution
 d - a +1 dagger of protection
 f - the +1 spear of Poverty (weapon) {heavy, rF++}
   (You found it on level 2 of the Lair of Beasts)

   rF:        It greatly protects you from fire.
Missiles
 o - 41 poisoned darts (quivered)
 p - 3 throwing nets
 S - 2 boomerangs
Armour
 L - the +1 robe of Vines (worn) {NoPotionHeal Regen++++}
   (You found it in a bailey)

   NoPotionHeal: Its wearer cannot be healed by potions.
   Regen:     It increases your rate of health regeneration.
 M - the -1 pair of boots of Kleptomania (worn) {Will+ SInv}
   (You found it in a bailey)

   SInv:      It lets you see invisible.
   Will:      It increases your willpower.
 R - a +2 pair of gloves of hurling (worn)
 Z - a +1 helmet (worn)
Jewellery
 h - a +5 ring of evasion (right hand)
 y - a ring of poison resistance
 N - a +6 ring of intelligence (left hand)
 P - a +4 ring of protection
 W - a ring of protection from fire
 Y - an amulet of the acrobat (around neck)
Wands
 k - a wand of polymorph (10)
 H - a wand of paralysis (19)
 I - a wand of digging (5)
 Q - a wand of mindburst (5)
 U - a wand of flame (8)
Scrolls
 g - 4 scrolls of magic mapping
 i - 7 scrolls of teleportation
 j - 2 scrolls of torment
 m - 2 scrolls of butterflies
 n - a scroll of enchant armour {unknown}
 q - a scroll of vulnerability {unknown}
 x - 2 scrolls of silence
 z - 4 scrolls of immolation
 B - 2 scrolls of blinking
 E - a scroll of acquirement {unknown}
 J - 2 scrolls of fog
 O - a scroll of brand weapon {unknown}
 T - a scroll of enchant weapon {unknown}
 V - a scroll of fear
Potions
 e - 4 potions of enlightenment
 l - a potion of attraction {unknown}
 r - 5 potions of heal wounds
 s - a potion of degeneration {unknown}
 t - 2 potions of curing
 u - 3 potions of mutation
 v - 8 potions of haste
 w - 3 potions of cancellation {unknown}
 A - 2 potions of ambrosia
 C - 5 potions of might
 F - 3 potions of berserk rage
 G - a potion of magic {unknown}
 K - a potion of resistance {unknown}
 X - 3 potions of brilliance
Miscellaneous
 D - a phial of floods


   Skills:
 - Level 5.0 Fighting
 - Level 5.0 Dodging
 - Level 5.0 Stealth
 + Level 12.0 Spellcasting
 - Level 13.0 Conjurations
 - Level 6.0 Hexes
 - Level 2.1 Summonings
 - Level 4.0 Translocations
 - Level 12.0 Fire Magic
 - Level 5.0 Ice Magic
 - Level 5.0 Air Magic
 - Level 1.1 Evocations


You had 8 spell levels left.
You knew the following spells:

 Your Spells              Type           Power      Damage    Failure   Level
a - Slow                  Hex            100%       N/A       1%          1
b - Summon Guardian Gole  Hex/Summ       39%        N/A       1%          3
c - Scorch                Fire           100%       2d9       1%          2
d - Flame Wave            Conj/Fire      72%        2d16      1%          4
e - Mephitic Cloud        Conj/Pois/Air  50%        N/A       1%          3
f - Freezing Cloud        Conj/Ice/Air   28%        6-21      3%          5
g - Fireball              Conj/Fire      36%        3d15      1%          5
h - Iskenderun's Mystic   Conj/Tloc      59%        2d12      1%          4

Your spell library contained the following spells:

 Spells                   Type           Power      Damage    Failure   Level
 Magic Dart               Conj           100%       1d8       0%          1
 Apportation              Tloc           78%        N/A       1%          1
 Foxfire                  Conj/Fire      100%       2x1d9     1%          1
 Poisonous Vapours        Pois/Air       60%        N/A       1%          2
 Volatile Blastmotes      Fire/Tloc      100%       2d18      1%          3
 Fulminant Prism          Conj/Hex       31%        3d16      1%          4
 Beastly Appendage        Tmut           32%        N/A       3%          1
 Starburst                Conj/Fire      36%        6d11      3%          6
 Wereblood                Tmut           16%        N/A       4%          2
 Summon Ice Beast         Ice/Summ       36%        N/A       8%          4
 Spider Form              Tmut/Pois      16%        N/A       10%         3
 Plasma Beam              Fire/Air       29%        2x1d46    16%         6
 Summon Mana Viper        Hex/Summ       39%        N/A       17%         5
 Summon Forest            Summ/Tloc      17%        N/A       26%         5
 Alistair's Intoxication  Tmut/Pois      10%        N/A       65%         5
 Lee's Rapid Deconstruct  Erth           8%         3d7*      65%         5
 Summon Cactus Giant      Summ           14%        N/A       91%         6
 Monstrous Menagerie      Summ           14%        N/A       100%        7


Dungeon Overview and Level Annotations

Branches:
Dungeon (11/15)            Temple (1/1) D:6            Lair (2/5) D:10
    Orc (1/2) D:10          Sewer (visited)          Bailey (visited)
  Swamp: Lair:2-3    Shoals: Lair:2-3     Snake: Lair:2-3    Spider: Lair:2-3

Altars:
Ashenzari
Cheibriados
Dithmenos
Elyvilon
Fedhas
Gozag
Hepliaklqana
Kikubaaqudgha
Makhleb
Nemelex Xobeh
Okawaru
Qazlal
Ru
Sif Muna
Trog
Uskayaw
Vehumet
Wu Jian
Xom
Yredelemnul
Zin
The Shining One

Shops:
D:2 [   D:5 *   D:10 *   D:11 ?

Portals:
Trove: D:10 (give 9 potions of haste)

Annotations:
D:3 1 runed translucent door, edwardauron's ghost, amateur DsTm
D:8 exclusion: downstairs
D:9 exclusion: downstairs
D:10 exclusion: downstairs


Message History

The six-headed hydra is engulfed in freezing vapours.
The six-headed hydra seems to slow down.
The torpor snail is engulfed in freezing vapours.
The black mamba is engulfed in freezing vapours.
Casting: Freezing Cloud (dangerous; 4% risk of failure)
Confirm with . or Enter, or press ? or * to list all spells.
Aiming: Freezing Cloud (dangerous; 4% risk of failure)
Press: ? - help, Dir - move target, f/p - four-headed hydra
Aim: a four-headed hydra (severely wounded)
Okay, then.
Casting: Freezing Cloud (dangerous; 4% risk of failure)
Confirm with . or Enter, or press ? or * to list all spells.
Aiming: Freezing Cloud (dangerous; 4% risk of failure)
Press: ? - help, Dir - move target, f/p - four-headed hydra
Aim: a four-headed hydra (severely wounded)
Okay, then.
Casting: Freezing Cloud (dangerous; 4% risk of failure)
Confirm with . or Enter, or press ? or * to list all spells.
Aiming: Freezing Cloud (dangerous; 4% risk of failure)
Press: ? - help, Dir - move target, f/p - four-headed hydra
Aim: a four-headed hydra (severely wounded) That beam is likely to hit you.
Continue anyway?
You are engulfed in freezing vapours.
The black mamba is engulfed in freezing vapours.
The black mamba seems to slow down.
You kill the black mamba!
Vehumet accepts your kill.
You feel your power returning.
The four-headed hydra is engulfed in freezing vapours.
The six-headed hydra is engulfed in freezing vapours.
The torpor snail is engulfed in freezing vapours.
The four-headed hydra is engulfed in freezing vapours.
The four-headed hydra bites you! x3
The four-headed hydra completely misses you.
Training target 4.0 for Translocations reached!
Your Translocations skill increases to level 4!
You need to enable at least one skill for training.
You are engulfed in freezing vapours.
Ouch! That really hurt!
You die...

#. .. .. #.# ###
####### #. .#
..#♣♣.♣♣#....§#
#...
.####.#♣.♣.♣#.♣♣♣§#
#...
..#..#..♣..#†.§§§#
#...# ##
##...#.♣♣♣.#†##@##
#....###P
##....#..♣..#.#§§#
#.....P..
......#♣.♣.♣#.#☼D#
.#........
.........#..#.#D##
..........
##......#⌠#...#w#
.........<
##......(#..###§#
.......=..
.P....#.†...# §§#
.#........
...#..#.†...# §§#
#........
..##..#(..†.##+##
#........


You could see a six-headed hydra (slow), a four-headed hydra and a torpor snail.

Vanquished Creatures
  Josephine (D:11)
  Erica (D:8)
  A two-headed ogre (D:9)
  A boulder beetle (D:11)
  A deep elf pyromancer (Bailey)
  A cyclops (D:11)
  A manticore (D:9)
  A black mamba (Lair:2)
  A gargoyle (D:11)
  10 cane toads
  3 komodo dragons
  A rime drake (Lair:1)
  A polar bear (Lair:2)
  8 blink frogs
  Sigmund (D:3)
  A shadow (D:10)
  A basilisk (Lair:2)
  A steam dragon (D:8)
  20 yaks
  3 wraiths
  7 vampire mosquitoes
  Menkaure (D:7)
  2 acid dragons
  Edmund (D:6)
  6 water moccasins
  A sky beast (D:7)
  6 ogres
  2 black bears
  9 orc warriors
  4 centaurs
  3 wolves (Lair:2)
  4 kobold brigands
  A phantom (D:5)
  6 bullfrogs
  5 scorpions
  4 killer bees (D:10)
  8 howler monkeys
  2 vampire bats (D:3)
  5 hounds
  2 jellies (D:6)
  3 gnoll boudas (D:7)
  6 orc priests
  Jessica (D:3)
  6 iguanas
  14 orc wizards
  Natasha (D:2)
  2 human simulacra (D:10)
  13 adders
  15 gnolls
  6 river rats (Sewer)
  2 white imps
  An ufetubus (D:5)
  3 dart slugs
  52 orcs
  6 ball pythons
  7 bats
  3 bat skeletons (D:3)
  4 bat zombies (D:3)
  4 endoplasms
  3 giant cockroaches
  10 hobgoblins
  3 quokkas
  7 frilled lizards
  9 goblins
  12 kobolds
  9 rats
340 creatures vanquished.

Vanquished Creatures (others)
  3 two-headed ogres
  An ugly thing (D:10)
  An orc knight (Bailey)
  A black mamba (Lair:2)
  A cane toad (Lair:2)
  A troll (D:7)
  A polar bear (Lair:2)
  A shadow (D:9)
  A wraith (D:11)
  A steam dragon (D:9)
  An orc wizard (D:9)
  An orc (D:9)
14 creatures vanquished.

Grand Total: 354 creatures vanquished

Notes
Turn   | Place    | Note
-------+----------+-------------------------------------------
     0 | D:1      | Chodeload the Deep Elf Wanderer began the quest for the
                  | Orb.
     0 | D:1      | Chodeload set off with the following items: a +0 dagger, 2
                  | throwing nets, a potion of curing, a potion of
                  | lignification, a +0 leather armour; and the following spell
                  | memorised: Slow; and the following spells available to
                  | memorise: Summon Guardian Golem.
     0 | D:1      | Reached XP level 1. HP: 12/12 MP: 5/5
   275 | D:1      | Reached skill level 1 in Summonings
   275 | D:1      | Reached XP level 2. HP: 8/16 MP: 2/7
  1107 | D:1      | Reached XP level 3. HP: 18/20 MP: 7/9
  1369 | D:2      | Noticed Natasha
  1396 | D:2      | Learned a level 3 spell: Summon Guardian Golem
  1475 | D:3      | Found a runed translucent door.
  1898 | D:2      | Found Gorchid's Antique Armour Boutique.
  1918 | D:2      | Found a faded altar of an unknown god.
  2455 | D:3      | Noticed Jessica
  2472 | D:3      | Learned a level 2 spell: Scorch
  2496 | D:3      | Found a sparkling altar of Nemelex Xobeh.
  2590 | D:3      | Noticed edwardauron's ghost (amateur DsTm)
  2639 | D:3      | Reached skill level 1 in Fire Magic
  2639 | D:3      | Reached XP level 4. HP: 23/25 MP: 10/10
  2772 | D:2      | Bought a twisted robe for 142 gold pieces
  2772 | D:2      | Identified the +2 robe of Ijegi {Slay+2} (You bought it in
                  | a shop on level 2 of the Dungeon)
  2838 | D:2      | Killed Natasha
  2839 | D:2      | Reached XP level 5. HP: 22/29 MP: 11/11
  3012 | D:3      | Killed Jessica
  3193 | D:3      | Noticed Sigmund
  3223 | D:3      | Killed Sigmund
  3224 | D:3      | Reached skill level 5 in Fire Magic
  3224 | D:3      | Reached XP level 6. HP: 22/34 MP: 12/14
  3330 | D:3      | Found an ancient bone altar of Kikubaaqudgha.
  3355 | D:3      | Learned a level 4 spell: Flame Wave
  3525 | D:4      | Reached skill level 1 in Conjurations
  3531 | D:3      | Reached skill level 2 in Conjurations
  3531 | D:3      | Reached XP level 7. HP: 38/38 MP: 3/15
  3789 | D:4      | Reached skill level 3 in Conjurations
  3916 | D:5      | Entered Level 5 of the Dungeon
  3992 | D:5      | Reached skill level 4 in Conjurations
  4119 | D:5      | Reached skill level 5 in Conjurations
  4165 | D:5      | Found Ozuizith's General Store.
  4193 | D:5      | Reached skill level 6 in Conjurations
  4209 | D:5      | Reached XP level 8. HP: 40/43 MP: 11/16
  4234 | D:5      | Bought a scroll of butterflies for 44 gold pieces
  4337 | D:5      | Found a glowing drain.
  4342 | Sewer    | Entered a sewer
  5248 | D:5      | Found a sacrificial altar of Ru.
  5316 | D:5      | Reached skill level 7 in Conjurations
  5317 | D:5      | Bought a potion of enlightenment for 55 gold pieces
  5685 | D:6      | Reached skill level 5 in Spellcasting
  5737 | D:6      | Noticed Edmund
  5747 | D:6      | Killed Edmund
  5914 | D:6      | Found a staircase to the Ecumenical Temple.
  5923 | Temple   | Entered the Ecumenical Temple
  6109 | D:6      | Reached XP level 9. HP: 47/47 MP: 13/19
  6168 | D:6      | Reached skill level 8 in Conjurations
  6349 | D:6      | Reached skill level 5 in Dodging
  6731 | D:7      | Noticed Menkaure
  6743 | D:7      | Killed Menkaure
  6761 | D:7      | Noticed a troll
  6772 | D:7      | Killed a troll
  7215 | D:7      | Reached skill level 9 in Conjurations
  7354 | D:8      | Noticed Erica
  7581 | D:8      | Learned a level 3 spell: Mephitic Cloud
  7634 | D:8      | Reached skill level 10 in Conjurations
  7652 | D:8      | Found a flagged portal.
  7657 | Bailey   | Entered a bailey
  7753 | Bailey   | Reached skill level 1 in Air Magic
  7753 | Bailey   | Reached XP level 10. HP: 37/56 MP: 20/22
  8114 | Bailey   | Found a large runed translucent door.
  8114 | Bailey   | Found a large runed translucent door.
  8115 | Bailey   | Noticed a deep elf pyromancer
  8116 | Bailey   | Found the +1 robe of Vines {NoPotionHeal Regen++++}
  8130 | Bailey   | Noticed an orc knight
  8177 | Bailey   | Killed an orc knight
  8216 | Bailey   | Killed a deep elf pyromancer
  8217 | Bailey   | Reached skill level 5 in Air Magic
  8231 | Bailey   | Identified the -1 pair of boots of Kleptomania {Will+ SInv}
  8496 | D:8      | Noticed a two-headed ogre
  8513 | D:8      | Killed a two-headed ogre
  8514 | D:8      | Reached skill level 5 in Ice Magic
  8579 | D:8      | Killed Erica
  8580 | D:8      | Reached skill level 11 in Conjurations
  8875 | D:8      | Learned a level 5 spell: Freezing Cloud
  8887 | D:7      | Identified the +7 short sword of Governance {speed, Dex+3}
  9066 | D:7      | Reached XP level 11. HP: 60/60 MP: 9/24
  9834 | D:9      | Noticed a two-headed ogre
  9857 | D:9      | Killed a two-headed ogre
  9858 | D:9      | Reached skill level 12 in Conjurations
 10124 | D:9      | Noticed a two-headed ogre
 10134 | D:9      | Killed a two-headed ogre
 10135 | D:9      | Reached skill level 10 in Spellcasting
 10765 | D:9      | Reached skill level 5 in Hexes
 10825 | D:10     | Entered Level 10 of the Dungeon
 10838 | D:10     | Noticed a two-headed ogre
 10903 | D:10     | Found a staircase to the Orcish Mines.
 10925 | D:10     | Killed a two-headed ogre
 11035 | Orc:1    | Entered Level 1 of the Orcish Mines
 11126 | D:5      | Bought a +2 pair of gloves of hurling for 236 gold pieces
 11131 | D:5      | Bought a scroll of identify for 22 gold pieces
 11320 | D:10     | Found a portal to a secret trove of treasure.
 11339 | D:10     | Found Varuryar's Assorted Antiques.
 11360 | D:10     | Learned a level 5 spell: Fireball
 11399 | D:10     | Found a burning altar of Makhleb.
 11401 | D:10     | Noticed a white ugly thing
 11419 | D:10     | Killed a white ugly thing
 11514 | D:10     | Found a staircase to the Lair.
 11580 | D:10     | Found a radiant altar of Vehumet.
 11580 | D:10     | Found a glowing silver altar of Zin.
 11582 | D:10     | Found a hazy altar of Hepliaklqana.
 11627 | D:10     | Found a basalt altar of Yredelemnul.
 11628 | D:10     | Found a white marble altar of Elyvilon.
 11753 | D:11     | Noticed Josephine
 11776 | D:11     | Found Toecwysitt's Magic Scroll Shoppe.
 11779 | D:11     | Bought a scroll of blinking for 105 gold pieces
 12125 | D:10     | Became a worshipper of Vehumet
 12247 | Lair:1   | Entered Level 1 of the Lair of Beasts
 12254 | D:10     | Reached skill level 5 in Fighting
 12354 | Lair:1   | Reached skill level 10 in Fire Magic
 12586 | D:11     | Noticed a boulder beetle
 12601 | D:11     | Killed a boulder beetle
 12602 | D:11     | Reached XP level 12. HP: 68/68 MP: 14/29
 12860 | D:11     | Reached * piety under Vehumet
 12860 | D:11     | Offered knowledge of Freeze by Vehumet.
 12874 | D:11     | Killed Josephine
 13160 | D:11     | Bought a scroll of fear for 56 gold pieces
 13820 | Lair:2   | Reached skill level 5 in Stealth
 14114 | Lair:2   | Reached skill level 13 in Conjurations
 14119 | Lair:2   | Learned a level 4 spell: Iskenderun's Mystic Blast
 14194 | Lair:2   | Reached skill level 1 in Translocations
 14201 | Lair:2   | Found a sparkling altar of Nemelex Xobeh.
 14277 | Lair:2   | Offered knowledge of Magic Dart by Vehumet.
 14502 | Lair:2   | Identified the +1 spear of Poverty {heavy, rF++}
 14550 | Lair:2   | Reached ** piety under Vehumet
 14685 | Lair:2   | Noticed a six-headed hydra
 14685 | Lair:2   | Noticed a four-headed hydra
 14690 | Lair:2   | Engulfed by a cloud of freezing vapour

Illustrated notes

Levels and vault maps discovered:
D:1:      scummos_arrival_simple_crosswalls, layout_basic, minivault_11,
          hangedman_decor_points, corexii_item_surrounded_by_moat,
          roderic_lattice_a
D:2:      layout_basic, serial_shops, shop, shapermc_ecumenical_altar_pompeii,
          uniq_natasha
D:3:      layout_loops_ring, nemelex_diamond_rough_becter,
          kennysheep_vampire_church, ebering_ghost_sewer_d,
          chequers_serial_rivers_small_b, amethyst_killhole,
          hangedman_decor_clover_reticule, uniq_jessica, uniq_sigmund
D:4:      layout_cave_pools, nicolae_nh_ransacked_shop
D:5:      layout_gridville, nicolae_ru_path_of_blood, portal_sewer_entry_e,
          serial_shops, shop
D:6:      layout_basic, minmay_temple_entry_ruins, uniq_edmund
D:7:      kennysheep_seaside_town, layout_cave_pools, uniq_menkaure
D:8:      layout_loops_ring, enter_bailey_3, uniq_erica
D:9:      layout_gridville
D:10:     layout_cave_pools, mainiacjoe_overflow_24_doors,
          nicolae_overflow_hidden_temple, orc_0_dummy, serial_shops, shop,
          enter_trove_2, bh_circular_ruins
D:11:     layout_loops_cross, serial_shops, nicolae_shop_rolled_up,
          uniq_josephine
Temple:   hellmonk_temple_forest_ring
Lair:1:   layout_hall_layers, minivault_24, grunt_megastairs_2
Lair:2:   nzn_winding_woodlands_small [nzn_winding_woodlands_5x15_twine,
          nzn_winding_woodlands_center_lodge,
          nzn_winding_woodlands_5x15_garden], layout_cave_pods,
          nicolae_spider_entry_orb_guardian, basic_altar
Orc:1:    layout_caves, nicolae_shop_vocational, uniq_sonja

Skill      XL: |  1  2  3  4  5  6  7  8  9 10 11 12 |
---------------+-------------------------------------+-----
Spellcasting   | 2 3 4 5 7 11 12 | 12.0
Hexes          | 3 4 6 |  6.0
Summonings     | 1 2 |  2.1
Fire Magic     | 1 3 5 6 8 9 10 12 | 12.0
Conjurations   | 2 6 7 10 11 12 13 | 13.0
Dodging        | 5 |  5.0
Fighting       | 3 5 |  5.0
Air Magic      | 1 5 |  5.0
Ice Magic      | 5 |  5.0
Stealth        | 5 |  5.0
Translocations | 4 |  4.0
Evocations     | |  1.1

Action                     |  1- 3 |  4- 6 |  7- 9 | 10-12 || total
---------------------------+-------+-------+-------+-------++-------
  Melee: Dagger            |   236 |    80 |   273 |    62 ||   651
         Punch             |     2 |       |     5 |     3 ||    10
         Short sword       |       |       |       |    52 ||    52
  Throw: Dart              |       |       |     8 |     6 ||    14
   Cast: Slow              |    60 |       |     5 |     2 ||    67
         Scorch            |       |    15 |    94 |    67 ||   176
         Flame Wave        |       |       |    12 |    15 ||    27
         Summon Guardian G |       |       |     3 |    17 ||    20
         Mephitic Cloud    |       |       |     2 |    27 ||    29
         Freezing Cloud    |       |       |       |    39 ||    39
         Fireball          |       |       |       |     4 ||     4
    Use: Scroll            |     1 |     3 |     5 |     6 ||    15
         Potion            |       |       |     1 |       ||     1
   Stab: Sleeping          |     2 |     3 |     6 |       ||    11
         Distracted        |       |       |     1 |       ||     1
         Confused          |       |       |     2 |     8 ||    10
 Armour: Leather armour    |    31 |     3 |       |       ||    34
         Robe              |       |    35 |    52 |    11 ||    98
         Skin              |       |       |     4 |       ||     4
  Dodge: Dodged            |   156 |   164 |   249 |   142 ||   711

Table legend: (Time is in decaauts)
 A = Elapsed time spent in this place.
 B = Non-inter-level travel time spent in this place.
 C = Inter-level travel time spent in this place.
 D = Time resting spent in this place.
 E = Time spent auto-exploring this place.
 F = Levels seen in this place.
 G = Mean time per level.
                   A        B        C        D        E       F      G
               +--------+--------+--------+--------+--------+-----+--------+
         Total |  14735 |  12840 |   1895 |   2564 |   2871 |  17 |  866.8 |
       Dungeon |  11937 |  10313 |   1624 |   2055 |   2570 |  11 | 1085.2 |
        Temple |    160 |    143 |     17 |      0 |    132 |   1 |  160.0 |
          Lair |   1614 |   1360 |    254 |    258 |    169 |   2 |  807.0 |
  Orcish Mines |      4 |      4 |      0 |      0 |      0 |   1 |    4.0 |
         Sewer |    365 |    365 |      0 |     85 |      0 |   1 |  365.0 |
        Bailey |    652 |    652 |      0 |    166 |      0 |   1 |  652.0 |
               +--------+--------+--------+--------+--------+-----+--------+

Top non-repeatable levels by time:
     D:3: 1332 daAuts
     D:1: 1258 daAuts
     D:7: 1245 daAuts
     D:9: 1212 daAuts
     D:8: 1180 daAuts
     D:6: 1141 daAuts
    D:11: 1036 daAuts
     D:5: 997 daAuts
     D:2: 960 daAuts
    D:10: 886 daAuts
  Lair:2: 881 daAuts
  Lair:1: 733 daAuts
     D:4: 686 daAuts
  Bailey: 652 daAuts
   Sewer: 365 daAuts
